AoeStats
← DYN_Neblina960

MegaRandom

505659156Analyzed
4v4 RM · 22d ago on Sep 10, 2026· 52m 52s· 8 players
Game mode
Random Map
Map size
Large (8 player)
Population
200
Speed
Normal
Resources
Standard
Victory
Conquest
Starting age
Dark Age
Ending age
Imperial Age
RankedLock teamsTeams togetherTeam positionsShared explorationLock speedFull tech treeHidden civsTurbo modeCheats
Victory
Defeat
1483
+13
🇭🇰 Mongols · Hong Kong SAR China
1446
+15
🇨🇳 Franks · China
1413
+16
🇨🇳 Magyars · China
1403
+17
🇪🇸 Italians · Spain
1659
-24
🇪🇸 Persians · Spain
1457
-17
🇪🇸 Lithuanians · Spain
1372
-13
🇪🇸 Byzantines · Spain
1198
-7
DYN_Leonroma
6:20 Loom
9:04 Feudal Age
9:53 Double-Bit Axe
17:12 Scale Barding Armor
20:14 Forging
20:16 Bloodlines
24:47 Castle Age
26:41 Husbandry
27:43 Wheelbarrow
29:01 Gold Mining
30:25 Chain Barding Armor
30:02 Horse Collar
31:51 Town Watch
33:41 Iron Casting
41:06 Imperial Age
42:34 Plate Barding Armor
41:37 Cavalier
48:46 Squires
49:13 Scale Mail Armor
52:18 Chain Mail Armor
k0nK1_TG
5:58 Loom
8:36 Feudal Age
11:16 Town Watch
15:40 Wheelbarrow
15:33 Fletching
22:35 Castle Age
21:53 Bloodlines
21:39 Gold Mining
22:58 Scale Barding Armor
24:21 Chain Barding Armor
30:08 Horse Collar
30:46 Double-Bit Axe
35:39 Gold Shaft Mining
36:26 Forging
45:44 Bodkin Arrow
47:08 Thumb Ring
DYN_Neblina960
7:13 Loom
10:05 Feudal Age
12:37 Double-Bit Axe
18:43 Forging
24:10 Castle Age
23:13 Horse Collar
25:01 Husbandry
26:51 Scale Barding Armor
30:35 Iron Casting
32:43 Wheelbarrow
33:13 Chain Barding Armor
33:59 Bow Saw
38:38 Fletching
45:39 Imperial Age
45:53 Hand Cart
DS_Maulet
5:34 Loom
8:48 Feudal Age
9:26 Double-Bit Axe
14:17 Fletching
16:55 Town Watch
21:00 Castle Age
20:00 Gold Mining
19:52 Horse Collar
21:05 Crossbowman
21:41 Bodkin Arrow
27:36 Ballistics
28:52 Padded Archer Armor
30:57 Wheelbarrow
31:21 Bow Saw
36:56 Imperial Age
35:23 Thumb Ring
36:58 Leather Archer Armor
37:43 Bracer
40:28 Chemistry
39:28 Arbalester
43:20 Ring Archer Armor
44:04 Hand Cart
43:50 Heavy Plow
44:54 Conscription
46:42 Elite Genoese Crossbowman
52:10 Murder Holes
三姓家nacho
5:56 Loom
8:03 Feudal Age
9:06 Double-Bit Axe
13:06 Fletching
20:27 Horse Collar
22:38 Wheelbarrow
22:58 Wheelbarrow
22:08 Town Watch
26:12 Castle Age
24:24 Gold Mining
26:11 Bloodlines
27:00 Husbandry
26:56 Bodkin Arrow
27:01 Padded Archer Armor
27:26 Bow Saw
29:23 Thumb Ring
31:08 Hand Cart
37:24 Ballistics
46:20 Imperial Age
46:28 Imperial Age
46:54 Leather Archer Armor
48:29 Chemistry
48:37 Bracer
48:16 Elite Skirmisher
52:34 Caravan
叫我靓仔啊 扑街
10:26 Feudal Age
12:24 Scale Mail Armor
12:41 Loom
15:16 Castle Age
16:12 Double-Bit Axe
21:38 Fletching
24:28 Bodkin Arrow
30:50 Bow Saw
32:27 Squires
32:21 Arson
33:09 Scale Mail Armor
34:21 Wheelbarrow
33:33 Town Watch
34:25 Gold Mining
34:26 Stone Mining
34:29 Horse Collar
36:24 Hand Cart
37:04 Chain Mail Armor
37:00 Forging
41:45 Imperial Age
40:25 Iron Casting
43:04 Plate Mail Armor
42:36 Elite Fire Lancer
44:04 Pikeman
45:36 Heavy Plow
47:05 Capped Ram
羊了个羊
8:59 Loom
10:45 Feudal Age
16:44 Castle Age
16:00 Scale Barding Armor
19:47 Forging
20:52 Double-Bit Axe
24:13 Bow Saw
25:03 Wheelbarrow
28:01 Husbandry
40:03 Imperial Age
37:54 Hand Cart
38:01 Chain Barding Armor
38:17 Iron Casting
40:17 Cavalier
41:34 Plate Barding Armor
46:30 Blast Furnace
48:00 Paladin
50:18 Gold Mining
50:22 Stone Mining
51:56 Conscription
致远Deepgame
11:14 Feudal Age
9:32 Loom
11:18 Feudal Age
16:28 Castle Age
15:14 Double-Bit Axe
15:42 Bloodlines
22:32 Scale Barding Armor
25:02 Bow Saw
25:11 Horse Collar
29:49 Husbandry
32:58 Fletching
34:22 Bodkin Arrow
38:13 Heavy Plow
38:51 Gold Mining
40:12 Gold Shaft Mining
40:58 Chain Barding Armor
46:50 Imperial Age
46:51 Wheelbarrow
46:01 Town Watch
46:56 Cavalier
48:12 Plate Barding Armor
48:32 Conscription
48:51 Paladin
51:41 Two-Man Saw
51:13 Crop Rotation
52:49 Hand Cart
Connection lost

Rejoining the realm…

Still unreachable

The connection could not be restored.

Session expired

The server has moved on; the page needs a fresh start.